 Dungeon Crawl Stone Soup version 0.29.0-4-gdea44cf6ec (webtiles) character file.

Game seed: 6858898528257577952

55 qw the Chopper (level 3, -2/21 HPs)
             Began as a Tengu Warper on Aug 28, 2022.
             Slain by an orc
             ... wielding a +0 flail
              (5 damage)
             ... on level 2 of the Dungeon.
             The game lasted 00:00:09 (1320 turns).

qw the Chopper (Tengu Warper)                       Turns: 1320, Time: 00:00:10

Health: -2/21      AC:  3    Str: 13    XL:     3   Next: 93%
Magic:  7/7        EV: 12    Int: 13    God:
Gold:   68         SH:  0    Dex: 13    Spells: 6/6 levels left

rFire   . . .      SeeInvis .   Y - +0 hand axe
rCold   . . .      Faith    .   (no shield)
rNeg    . . .      Spirit   .   b - +0 leather armour
rPois   .          Reflect  .   (helmet restricted)
rElec   .          Harm     .   (no cloak)
rCorr   .          Rampage  .   (no gloves)
Will    .....                   (boots unavailable)
Stlth   +.........              (no amulet)
HPRegen 0.07/turn               (no ring)
MPRegen 0.10/turn               (no ring)

@: no status effects
A: beak, talons 3
a: no special abilities


You were on level 2 of the Dungeon.
You visited 1 branch of the dungeon, and saw 2 of its levels.

You collected 68 gold pieces.


Innate Abilities, Weirdness & Mutations

You have a beak for a mouth.
You have claws for feet.


   Skills:
 - Level 2.0 Fighting
 + Level 4.5 Axes
 - Level 1.0 Throwing
 - Level 1.1 Armour
 - Level 2.1 Dodging
 - Level 2.0 Spellcasting
 - Level 2.4 Translocations


You had 6 spell levels left.
You didn't know any spells.
Your spell library contained the following spells:

 Spells                   Type           Power      Damage    Failure   Level
 Blink                    Tloc           14%        N/A       19%         2
 Gell's Gravitas          Tloc           7%         N/A       36%         3
 Lesser Beckoning         Tloc           7%         N/A       36%         3
 Teleport Other           Tloc           7%         N/A       36%         3
 Manifold Assault         Tloc           7%         N/A       98%         5

Inventory:

Hand Weapons
 c - a +0 whip
 Y - a +0 hand axe (weapon)
Armour
 b - a +0 leather armour (worn)
 g - a +0 ring mail
Scrolls
 a - 4 scrolls of identify {unknown}
 d - a scroll of amnesia {unknown}
 f - a scroll of immolation {unknown}
Potions
 e - a potion of mutation {unknown}
 h - a potion of invisibility {unknown}

Dungeon Overview and Level Annotations

Branches:
Dungeon (2/15)

Altars:

Annotations:
D:2 Robin


Message History

You hit the goblin. The goblin misses you.
You hit the goblin but do no damage. Your kick misses the goblin.
The goblin is severely wounded.
A goblin comes into view. It is wielding a +0 dagger.
The goblin closely misses you.
You hit the goblin. You claw the goblin.
You kill the goblin!
You barely miss the orc wizard. You hit the goblin.
The orc wizard hits you but does no damage.
The goblin hits you with a +0 dagger.
The orc priest looks encouraged for a moment.
You hit the goblin.
You kill the goblin!
You closely miss the orc. You barely miss the orc. You hit the orc wizard.
The orc wizard hits you but does no damage.
The orc completely misses you. The orc misses you.
Robin of the Strong Arm comes into view.
They are wielding a +0 mace.
The orc wizard barely misses you. The orc misses you.
The orc hits you but does no damage. The orc barely misses you.
You hit the orc wizard but do no damage.
You claw the orc wizard. Your peck misses the orc wizard.
The orc wizard is moderately wounded.
You hit the orc but do no damage. You hit the orc. You barely miss the orc.
The orc closely misses you.
The orc wizard hits you but does no damage.
A hobgoblin comes into view.
Robin roars a battlecry!
The goblins go into a battle-frenzy!
The orc hits you with a +0 whip. The orc hits you with a +0 flail!
You hit the orc wizard. Your peck misses the orc wizard.
The orc wizard is heavily wounded.
You closely miss the orc. You hit the orc but do no damage. You hit the orc.
The orc barely misses you. The orc wizard completely misses you.
The orc closely misses you. The orc hits you with a +0 flail!
You barely miss the orc wizard. Your kick misses the orc wizard.
The orc wizard is heavily wounded.
You hit the orc but do no damage. x2; You completely miss the orc.
The orc hits you with a +0 flail.
You die...

##..............#
#8..\..\..8..\.#
.............##
............# ##
..7..8..8..8# g.
..........#
g######
..........#
o......
..\.....8##og8...8
###.......@oo.....
#..#####oo......
#.. ......... ##.
#.#..8...8 #.
....... .. .######
#. .. .. ..


You could see Robin, an orc priest, an orc wizard, 4 orcs, a hobgoblin (strong)
and a goblin (strong).

Vanquished Creatures
  A worm (D:2)
  3 dart slugs
  4 endoplasms
  2 giant cockroaches (D:1)
  6 goblins
  5 hobgoblins (D:1)
  A quokka (D:1)
  4 ball pythons
  4 bats (D:1)
  3 frilled lizards (D:1)
  7 kobolds
  6 rats (D:1)
46 creatures vanquished.

Notes
Turn   | Place    | Note
-------+----------+-------------------------------------------
     0 | D:1      | qw the Tengu Warper began the quest for the Orb.
     0 | D:1      | Reached XP level 1. HP: 12/12 MP: 4/4
     0 | D:1      | 0 ||| qw: Version: 0.1-a-89-g26bdef1
     0 | D:1      | 0 ||| qw: Game counter: 2207
     0 | D:1      | 0 ||| qw: Always use a shield: true
     0 | D:1      | 0 ||| qw: God list: Okawaru
     0 | D:1      | 0 ||| qw: Allow faded altars: false
     0 | D:1      | 0 ||| qw: Do Orc after D:15 true
     0 | D:1      | 0 ||| qw: Do second Lair branch before Depths: true
     0 | D:1      | 0 ||| qw: Lair rune preference: random
     0 | D:1      | 0 ||| qw: Plans: Normal
     0 | D:1      | 0 ||| PLANNING D:1-11
   115 | D:1      | Reached skill level 3 in Axes
   115 | D:1      | Reached XP level 2. HP: 12/17 MP: 6/6
   233 | D:1      | 233 ||| Stepping ~*~*~tactically~*~*~ (stealth).
   234 | D:1      | 234 ||| Stepping ~*~*~tactically~*~*~ (stealth).
   235 | D:1      | 235 ||| Stepping ~*~*~tactically~*~*~ (stealth).
   558 | D:1      | 558 ||| Stepping ~*~*~tactically~*~*~ (stealth).
   560 | D:1      | 560 ||| Stepping ~*~*~tactically~*~*~ (stealth).
   644 | D:1      | Reached XP level 3. HP: 21/21 MP: 7/7
   721 | D:1      | Reached skill level 4 in Axes
   836 | D:1      | 836 ||| Stepping ~*~*~tactically~*~*~ (stealth).
  1023 | D:1      | 1023 ||| DROPPING amulet of faith.
  1024 | D:1      | 1024 ||| READING scroll labelled BATTIG SEJANN.
  1025 | D:1      | 1025 ||| DROPPING scroll of blinking.
  1091 | D:2      | 1091 ||| DROPPING +0 club.
  1103 | D:2      | Found a faded altar of an unknown god.
  1104 | D:2      | 1104 ||| Stepping ~*~*~tactically~*~*~ (hiding).
  1105 | D:2      | 1105 ||| Stepping ~*~*~tactically~*~*~ (hiding).
  1317 | D:2      | Noticed Robin
  1319 | D:2      | HP: 3/21 [orc/+0 flail (7)]
  1320 | D:2      | Slain by an orc

Levels and vault maps discovered:
D:1:      onia_arrival_handbag, layout_loops_ring
D:2:      cheibrodos_pilgrimage, layout_loops_ring,
          hellmonk_ecumenical_altar_arch_garden, uniq_sigmund, uniq_robin

Skill      XL: |  1  2  3 |
---------------+----------+-----
Axes           | 3 4 |  4.5
Fighting       | |  2.0
Throwing       | |  1.0
Armour         | |  1.1
Dodging        | |  2.1
Spellcasting   | |  2.0
Translocations | |  2.4

Action                   || total
-------------------------++-------
Melee: Hand axe          ||    96
       Peck              ||    14
       Kick              ||    21
Throw: Boomerang         ||     7
  Use: Scroll            ||     1
Armor: Leather armour    ||    22
Dodge: Dodged            ||    55

Table legend:
 A = Non-vault XP
 B = Vault XP
 C = Vault XP percentage of total XP
 D = Non-vault monster count
 E = Vault monster count
 F = Vault count percentage of total count
                 A         B        C        D         E       F
            +---------+---------+-------+---------+---------+-------
      Total |      70 |       9 |  11.4 |      39 |       7 |  15.2
            +---------+---------+-------+---------+---------+-------
        D:1 |      52 |       4 |   7.1 |      31 |       4 |  11.4
        D:2 |      18 |       5 |  21.7 |       8 |       3 |  27.3
            +---------+---------+-------+---------+---------+-------
